 Dungeon Crawl Stone Soup version 0.18-a0-1507-g69458e0 (webtiles) character file.

138651 4thArraOfDagon the Cleaver (level 16, -17/123 HPs)
             Began as a Mummy Chaos Knight on Mar 5, 2016.
             Was the Champion of Cheibriados.
             Shot with an arrow by Vashnia (21 damage)
             ... on level 4 of the Snake Pit.
             The game lasted 01:24:24 (14929 turns).

4thArraOfDagon the Cleaver (Mummy Chaos Knight)    Turns: 14929, Time: 01:24:24

Health: -17/123    AC: 18    Str: 32    XL:     16   Next: 71%
Magic:  19/23      EV: 23    Int: 28    God:    Cheibriados [******]
Gold:   688        SH: 15    Dex: 30    Spells: 2 memorised, 6 levels left

rFire  x . .     SeeInvis .     B - +9 broad axe (elec)
rCold  + . .     Gourm    .     L - +2 troll leather armour {Snorg}
rNeg   + + +     Faith    +     y - +0 shield
rPois  ∞         Spirit   .     o - +0 helmet
rElec  .         Dismiss  .     e - +1 cloak
rCorr  .         Reflect  .     j - +0 pair of gloves
SustAt .         Harm     .     P - +2 pair of boots
MR     ++...                    A - amulet of faith
Stlth  ++........               s - +2 ring of protection
                                g - +5 ring of slaying

@: very slow, very resistant to hostile enchantments, unstealthy
A: no food or potions, fire vulnerability, cold resistance 1, negative energy
resistance 3, torment resistance, unbreathing, in touch with death 1, restore
body
a: Self-Restoration, Bend Time, Temporal Distortion, Slouch, Step From Time,
Renounce Religion


You were on level 4 of the Snake Pit.
You worshipped Cheibriados.
Cheibriados was exalted by your worship.
You were not hungry.

You visited 5 branches of the dungeon, and saw 28 of its levels.

You collected 2242 gold pieces.
You spent 1554 gold pieces at shops.

Inventory:

Hand Weapons
 t - a +0 blowgun
 B - a +9 broad axe of electrocution (weapon)
 F - a +0 battleaxe of electrocution
Missiles
 N - 4 curare-tipped needles
Armour
 e - a +1 cloak (worn)
 j - a +0 pair of gloves (worn)
 o - a +0 helmet (worn)
 y - a +0 shield (worn)
 L - a +2 troll leather armour (worn) {Snorg}
 P - a +2 pair of boots (worn)
 T - a +2 plate armour of fire resistance
Jewellery
 d - an uncursed ring of ice
 g - a +5 ring of slaying (left hand)
 k - an uncursed ring of stealth
 q - an uncursed ring of flight
 s - a +2 ring of protection (right hand)
 w - an uncursed ring of sustain attributes
 A - an amulet of faith (around neck)
Wands
 c - a wand of paralysis (5/24)
 f - a wand of paralysis (15/24)
 m - a wand of disintegration (7/24)
 n - a wand of confusion (21/48)
 p - a wand of iceblast (1/15)
 r - a wand of disintegration (2/24)
 v - a wand of polymorph (13/24)
 x - a wand of polymorph (0/24)
 K - a wand of disintegration (0/24)
 O - a wand of teleportation (6/9)
 R - a wand of heal wounds (4/9)
 S - a wand of iceblast (4/15)
Scrolls
 a - 5 scrolls of identify
 b - 3 scrolls of fog
 h - 8 scrolls of remove curse
 i - 11 scrolls of teleportation
 l - 3 scrolls of amnesia
 u - 2 scrolls of vulnerability
 z - a scroll of silence
 C - a scroll of summoning
 D - 3 scrolls of recharging
 E - a scroll of torment
 G - 2 scrolls of enchant weapon
 H - a scroll of blinking
 I - 2 scrolls of magic mapping
 J - 2 scrolls of noise
Books
 M - a book of Summonings

   Spells                             Type                      Level
   a - Recall                         Summoning/Translocation      3
   b - Aura of Abjuration             Summoning                    5
   c - Summon Demon                   Summoning                    5
   d - Summon Forest                  Summoning/Translocation      5
   e - Summon Mana Viper              Hexes/Summoning              5
   f - Shadow Creatures               Summoning                    6
Miscellaneous
 Q - a lamp of fire


   Skills:
 + Level 10.4 Fighting
 * Level 14.0 Axes
 + Level 10.2 Armour
 + Level 9.8 Dodging
 * Level 11.2 Shields
 + Level 10.5 Invocations
 - Level 3.0 Evocations


You had 6 spell levels left.
You knew the following spells:

 Your Spells              Type           Power        Failure   Level  Hunger
a - Silence               Hex/Air        #.........   100%        5    N/A
b - Summon Lightning Spi  Summ/Air       #.......     99%         4    N/A

Dungeon Overview and Level Annotations

Branches:
Dungeon (13/15)            Temple (1/1) D:6            Lair (8/8) D:9
  Snake (4/4) Lair:5        Slime (0/6) Lair:7          Orc (2/2) D:11
    Elf (0/3) Orc:2
  Swamp: Lair:3-6    Shoals: Lair:3-6    Vaults: D:13-14

Altars:
Ashenzari
Cheibriados
Fedhas
Gozag
Kikubaaqudgha
Nemelex Xobeh
Okawaru
Pakellas
Ru
Vehumet
Zin
The Shining One
Beogh
Jiyva

Shops:
D:4 *   D:11 [   Orc:1 ?   Orc:2 [*?}?   Snake:2 *

Annotations:
D:8 exclusion: downstairs
D:10 exclusion: downstairs
D:11 exclusion: upstairs
D:12 exclusion: downstairs
Lair:7 exclusion: oklob plant
Snake:1 exclusion: Roxanne, Roxanne
Snake:4 Sargon's ghost, journeyman TrMo; Vashnia


Innate Abilities, Weirdness & Mutations

You do not eat or drink.
Your flesh is vulnerable to fire.
You are immune to poison.
Your flesh is cold resistant.
You are immune to negative energy.
You are immune to unholy pain and torment.
You can survive without breathing.
You are in touch with the powers of death.
You can restore your body by infusing magical energy.


Message History

Vashnia shoots an arrow.
You block the arrow.
You hear a shout!
Unknown command.
You miss Vashnia.
Vashnia is heavily wounded.
Unknown command.
You hit Vashnia.
Vashnia is heavily wounded.
Vashnia gestures wildly while chanting.
Space distorts along a thin shroud covering Vashnia's body.
Unknown command.
Vashnia's shroud bends your attack away!
Unknown command.
You slash Vashnia!
Vashnia's shroud falls apart!
Vashnia is heavily wounded.
Vashnia is no longer moving slowly.
Vashnia shoots an arrow.
The arrow hits you!!!
* * * LOW HITPOINT WARNING * * *
The arrow burns you!!
You die... .......# .N......... .......# .#NNNN.#.. .......# ..NNNNNN..

.......# ....N..
......## ....NN
.......# #N.N##...
.......# ###.......#
.......# ##N#.#
.......# #@#(N#
.......# ###.##
.......# #.#
.......###### #.#
............# #.#
......#####.######.#
.....## #........#
....## ###.######
##.## #.#


You could see Vashnia.

Vanquished Creatures
  Saint Roka (Snake:4)
  Kirke (Lair:8)
  7 greater nagas
  Snorg (Lair:7)
  Fannar (Lair:2)
  17 naga warriors
  7 hydras
  3 catoblepae
  6 anacondas
  A queen ant (Lair:6)
  10 death yaks
  Urug (Lair:2)
  9 naga sharpshooters
  6 shock serpents
  Nergalle (Lair:2)
  3 salamander mystics
  4 naga ritualists
  4 skeletal warriors (D:12)
  4 hill giants
  A lindwurm (Lair:8)
  7 orc knights (Orc:2)
  A deep elf mage (Orc:2)
  An ugly thing (D:11)
  3 griffons
  8 salamanders
  5 mana vipers
  3 manticores
  A cyclops (Orc:1)
  9 elephants
  31 black mambas
  4 guardian serpents
  Joseph (D:9)
  11 naga magi
  5 torpor snails (Lair:8)
  18 spiny frogs
  A centaur skeleton (D:12)
  3 rime drakes
  12 komodo dragons
  4 polar bears
  4 giant leeches (Lair:8)
  2 two-headed ogres
  2 trolls
  21 blink frogs
  3 slime creatures (D:12)
  A boulder beetle (Lair:8)
  Sigmund (D:2)
  A shadow (D:11)
  6 hogs (Lair:8)
  A vampire (D:11)
  13 yaks
  A hungry ghost (D:10)
  8 basilisks
  9 hippogriffs
  11 vampire mosquitoes
  5 wolves
  4 mottled dragons
  25 nagas
  6 wargs
  12 soldier ants (Lair:6)
  11 water moccasins
  12 porcupines
  4 black bears
  39 orc warriors
  5 wasps
  6 ice beasts
  5 sky beasts
  A phantom (D:5)
  7 ogres
  8 centaurs
  10 crocodiles
  A big kobold (D:8)
  14 giant frogs
  2 scorpions
  8 wights
  13 killer bees
  2 howler monkeys
  5 crimson imps
  A quasit (D:12)
  2 centaur zombies
  3 jellies
  9 orc priests
  A giant frog skeleton (D:12)
  27 orc wizards
  Jessica (D:2)
  Ijyb (D:3)
  Terence (D:2)
  9 iguanas
  42 worker ants
  12 sheep
  A giant frog simulacrum (D:9)
  A hound zombie (D:11)
  Robin (D:2)
  3 gnolls (D:4)
  11 adders
  A hound simulacrum (D:9)
  72 river rats
  A shadow imp (D:5)
  2 white imps (D:9)
  A worker ant simulacrum (D:9)
  3 oozes
  23 worms
  A dart slug (D:2)
  2 adder simulacra (D:9)
  3 giant geckos
  An orc (shapeshifter) (D:6)
  90 orcs
  3 bats
  6 giant cockroaches
  8 hobgoblins
  7 jackals
  8 kobolds
  4 quokkas
  2 giant gecko skeletons
  A giant gecko zombie (D:5)
  4 giant newts
  22 goblins
  A quokka skeleton (D:5)
  5 rats
  A fire vortex (D:7)
  6 fungi
  7 plants (Lair:8)
916 creatures vanquished.

Vanquished Creatures (collateral kills)
  A human (D:6)
1 creature vanquished.

Vanquished Creatures (others)
  A sky beast (D:9)
  2 river rats (Lair:8)
  A goblin (D:1)
  A bush (Lair:8)
  A fire vortex (D:7)
  21 fungi
  12 plants
39 creatures vanquished.

Grand Total: 956 creatures vanquished

Notes
Turn   | Place    | Note
--------------------------------------------------------------
     0 | D:1      | 4thArraOfDagon the Mummy Chaos Knight began the quest for the Orb.
     0 | D:1      | Reached XP level 1. HP: 18/18 MP: 1/1
    33 | D:3      | XOM: potion effect (might)
   109 | D:3      | Reached XP level 2. HP: 22/24 MP: 2/2
   119 | D:2      | Found a radiant altar of Vehumet.
   119 | D:2      | Noticed Jessica
   120 | D:2      | XOM: potion effect (agility)
   127 | D:2      | Killed Jessica
   127 | D:2      | Reached skill level 3 in Axes
   127 | D:2      | Reached XP level 3. HP: 24/29 MP: 3/3
   128 | D:2      | XOM: silly message
   304 | D:4      | Reached XP level 4. HP: 13/35 MP: 4/4
   401 | D:5      | Entered Level 5 of the Dungeon
   565 | D:6      | XOM: potion effect (curing)
   574 | D:6      | Noticed a phantom
   621 | D:5      | XOM: potion effect (heal wounds)
   629 | D:5      | XOM: potion effect (agility)
   635 | D:5      | XOM: cast spell 'Confusing Touch'
   643 | D:5      | Killed a phantom
   643 | D:5      | Reached skill level 4 in Axes
   643 | D:5      | Reached XP level 5. HP: 28/41 MP: 5/5
   652 | D:5      | XOM: harmless Erth miscast
   712 | D:6      | Noticed a centaur
   712 | D:6      | XOM: cast spell 'Confusing Touch'
   716 | D:6      | Noticed a yak
   734 | D:6      | Killed a centaur
   734 | D:6      | Reached XP level 6. HP: 5/47 MP: 6/6
   755 | D:6      | XOM: summons friendly shadow imp
   756 | D:6      | Noticed a human
   756 | D:6      | a yak changed into a human
   756 | D:6      | XOM: polymorph yak -> human
   767 | D:6      | XOM: divination: detect creatures
   822 | D:6      | XOM: summons 2 friendly demons
   832 | D:6      | XOM: enchant monster (good)
   846 | D:6      | Killed a human
   846 | D:6      | Reached skill level 5 in Axes
  1076 | D:6      | Noticed a yak
  1078 | D:6      | XOM: confusion (+ monsters)
  1088 | D:6      | Found a staircase to the Ecumenical Temple.
  1095 | Temple   | Entered the Ecumenical Temple
  1103 | Temple   | Fell from the grace of Xom
  1103 | Temple   | Became a worshipper of Cheibriados the Contemplative
  1140 | D:6      | Was placed under penance by Cheibriados
  1155 | D:5      | Was forgiven by Cheibriados
  1294 | D:5      | Noticed a slave
  1355 | D:3      | XOM: noise
  1401 | D:3      | Noticed Ijyb
  1407 | D:3      | Killed Ijyb
  1441 | D:3      | XOM: mild Trmt miscast
  1542 | D:2      | Reached skill level 1 in Dodging
  1697 | D:1      | XOM: summons 3 hostile demons
  1893 | D:1      | Reached * piety under Cheibriados
  1925 | D:1      | XOM: noise
  1987 | D:1      | XOM: summons 11 hostile demons
  1988 | D:1      | Noticed a sixfirhy
  2026 | D:1      | You fall through a shaft!
  2084 | D:2      | Was placed under penance by Cheibriados
  2085 | D:2      | Was forgiven by Cheibriados
  2121 | D:2      | Noticed Robin
  2133 | D:2      | Killed Robin
  2172 | D:2      | Noticed Terence
  2179 | D:2      | Killed Terence
  2179 | D:2      | Reached skill level 1 in Invocations
  2179 | D:2      | Reached XP level 7. HP: 52/52 MP: 7/7
  2287 | D:2      | Noticed Sigmund
  2337 | D:2      | Killed Sigmund
  2368 | D:2      | Found a faded altar to an unknown god.
  2525 | D:4      | XOM: summons 5 hostile shadow creatures
  2536 | D:4      | XOM: mild Pois miscast
  2554 | D:4      | Found Vuex's General Store.
  2559 | D:4      | Bought a scroll of teleportation for 36 gold pieces
  2559 | D:4      | Bought a +0 broad axe for 48 gold pieces
  2594 | D:4      | Reached ** piety under Cheibriados
  2880 | D:4      | XOM: summons 6 hostile demons
  2903 | D:4      | XOM: polymorph crimson imp -> white imp
  2957 | D:4      | Found an opulent altar of Gozag.
  2997 | D:5      | Found a radiant altar of Vehumet.
  3033 | D:5      | XOM: noise
  3135 | D:6      | Reached skill level 6 in Axes
  3185 | D:6      | Noticed a yak
  3195 | D:6      | Killed a yak
  3195 | D:6      | Reached XP level 8. HP: 36/58 MP: 9/9
  3234 | D:6      | Found a sacrificial altar of Ru.
  3324 | D:6      | Reached *** piety under Cheibriados
  3374 | D:6      | XOM: medium Necr miscast
  3461 | D:7      | XOM: mild Fire miscast
  3504 | D:7      | You fall through a shaft!
  3505 | D:8      | :(
  3589 | D:8      | Reached skill level 7 in Axes
  3607 | D:8      | XOM: divination: magic mapping
  3630 | D:8      | Reached skill level 5 in Armour
  3633 | D:8      | Reached **** piety under Cheibriados
  3704 | D:7      | Reached XP level 9. HP: 54/63 MP: 11/11
  3819 | D:7      | XOM: noise
  3950 | D:9      | Noticed a polar bear
  4032 | D:7      | Learned a level 5 spell: Silence
  4173 | D:8      | XOM: noise
  4492 | D:8      | Reached skill level 8 in Axes
  4568 | D:8      | XOM: medium Hex miscast
  4609 | D:9      | Noticed a polar bear
  4610 | D:9      | XOM: medium Ice miscast
  4620 | D:8      | Killed a polar bear
  4706 | D:8      | Reached ***** piety under Cheibriados
  4724 | D:8      | XOM: noise
  4842 | D:10     | Entered Level 10 of the Dungeon
  4893 | D:9      | Found a glowing golden altar of the Shining One.
  4905 | D:10     | Noticed a hill giant
  4918 | D:10     | Killed a hill giant
  4918 | D:10     | Reached skill level 5 in Invocations
  4918 | D:10     | Reached XP level 10. HP: 40/70 MP: 10/13
  5091 | D:10     | Noticed a hill giant
  5102 | D:10     | Killed a hill giant
  5102 | D:10     | Reached skill level 5 in Dodging
  5122 | D:11     | Noticed a hill giant
  5197 | D:10     | XOM: mild Ice miscast
  5297 | D:10     | Reached skill level 9 in Axes
  5424 | D:10     | Noticed a hill giant
  5429 | D:10     | Killed a hill giant
  5637 | D:10     | XOM: mild Air miscast
  5657 | D:10     | XOM: summons 1 hostile demon
  5845 | D:9      | Noticed Joseph
  5853 | D:9      | Killed Joseph
  5856 | D:9      | Reached XP level 11. HP: 55/78 MP: 11/15
  5879 | D:9      | Reached ****** piety under Cheibriados
  5963 | D:9      | Found a blossoming altar of Fedhas.
  6039 | D:9      | XOM: medium Ice miscast
  6039 | D:9      | Was forgiven by Xom
  6053 | D:9      | Reached skill level 5 in Fighting
  6407 | D:11     | Killed a hill giant
  6407 | D:11     | Reached skill level 1 in Shields
  6453 | D:11     | Found Fiabb's Armour Boutique.
  6453 | D:11     | Found a staircase to the Orcish Mines.
  6748 | D:11     | Noticed a purple ugly thing
  6755 | D:11     | Killed a purple ugly thing
  6866 | D:12     | Reached skill level 10 in Axes
  6998 | D:13     | Noticed a griffon
  7004 | D:13     | Killed a griffon
  7005 | D:13     | Noticed a five-headed hydra
  7114 | D:12     | Noticed a skeletal warrior
  7114 | D:12     | Noticed a skeletal warrior
  7114 | D:12     | Noticed a skeletal warrior
  7114 | D:12     | Noticed a skeletal warrior
  7121 | D:12     | Killed a skeletal warrior
  7124 | D:12     | Killed a skeletal warrior
  7345 | D:12     | Reached XP level 12. HP: 55/88 MP: 17/17
  7487 | Orc:1    | Entered Level 1 of the Orcish Mines
  7616 | Orc:2    | Entered Level 2 of the Orcish Mines
  7729 | Orc:2    | Found Ekho Cil's Antique Armour Shoppe.
  7846 | Orc:1    | Found Yschub's Magic Scroll Boutique.
  7867 | Orc:1    | Bought a scroll of enchant weapon for 82 gold pieces
  7867 | Orc:1    | Bought a scroll of enchant weapon for 82 gold pieces
  7867 | Orc:1    | Bought a scroll of identify for 22 gold pieces
  7867 | Orc:1    | Bought a scroll of identify for 22 gold pieces
  7867 | Orc:1    | Bought a scroll of recharging for 104 gold pieces
  7867 | Orc:1    | Bought a scroll of torment for 82 gold pieces
  7867 | Orc:1    | Bought a scroll of identify for 22 gold pieces
  7869 | Orc:1    | Bought a scroll of fear for 38 gold pieces
  7968 | Orc:1    | Found a roughly hewn altar of Beogh.
  8078 | Orc:2    | Found a staircase to the Elven Halls.
  8179 | Orc:2    | Found Efoshaf's Magic Scroll Shop.
  8195 | Orc:2    | Reached skill level 5 in Shields
  8237 | Orc:2    | Reached skill level 11 in Axes
  8326 | Orc:2    | Found Qyesmib's Gadget Emporium.
  8336 | Orc:2    | Bought a scroll of teleportation for 45 gold pieces
  8336 | Orc:2    | Bought a scroll of teleportation for 45 gold pieces
  8459 | Orc:2    | Found a roughly hewn altar of Beogh.
  8561 | Orc:2    | Found Enuoc's General Store.
  8561 | Orc:2    | Found Fiociaka's Magic Scroll Shop.
  8569 | Orc:2    | Bought a scroll of teleportation for 36 gold pieces
  8578 | Orc:2    | Bought a scroll of enchant weapon for 97 gold pieces
  8578 | Orc:2    | Bought a scroll of identify for 26 gold pieces
  8578 | Orc:2    | Bought a scroll of blinking for 97 gold pieces
  8578 | Orc:2    | Bought a scroll of blinking for 97 gold pieces
  8578 | Orc:2    | Bought a scroll of enchant armour for 97 gold pieces
  8578 | Orc:2    | Bought a scroll of enchant weapon for 97 gold pieces
  8578 | Orc:2    | Bought a scroll of blinking for 97 gold pieces
  8578 | Orc:2    | Bought a scroll of recharging for 123 gold pieces
  8578 | Orc:2    | Bought a scroll of magic mapping for 45 gold pieces
  8619 | Orc:2    | Bought a scroll of identify for 30 gold pieces
  8812 | D:9      | Found a staircase to the Lair.
  8821 | Lair:1   | Entered Level 1 of the Lair of Beasts
  8886 | Lair:1   | Gained mutation: You are in touch with the powers of death. [Mummy growth]
  8886 | Lair:1   | Gained mutation: You can restore your body by infusing magical energy. [Mummy growth]
  8886 | Lair:1   | Reached XP level 13. HP: 91/95 MP: 18/18
  9140 | Lair:2   | Noticed Urug
  9150 | Lair:2   | Killed Urug
  9201 | Lair:2   | Noticed Fannar
  9211 | Lair:2   | Killed Fannar
  9383 | Lair:2   | Noticed Nergalle
  9396 | Lair:2   | Killed Nergalle
 10050 | Lair:4   | Reached skill level 12 in Axes
 10283 | Lair:4   | You fall through a shaft for 3 floors!
 10348 | Lair:8   | Entered Level 8 of the Lair of Beasts
 10355 | Lair:8   | Reached XP level 14. HP: 105/105 MP: 20/20
 10435 | Lair:8   | Noticed Kirke
 10444 | Lair:8   | Reached skill level 1 in Evocations
 10456 | Lair:8   | HP: 2/105 [lindwurm/blast of flame[Kirke] (18)]
 10706 | Lair:8   | Killed Kirke
 10952 | Lair:7   | Noticed Snorg
 10960 | Lair:7   | Killed Snorg
 11083 | Lair:8   | Found a runed door.
 11810 | Lair:7   | Found a runed door.
 11811 | Lair:7   | Found a viscous altar of Jiyva.
 11811 | Lair:7   | Found a staircase to the Slime Pits.
 12121 | Lair:6   | Reached XP level 15. HP: 112/112 MP: 21/21
 12384 | Lair:5   | Found a staircase to the Snake Pit.
 12477 | Lair:5   | Learned a level 4 spell: Summon Lightning Spire
 12688 | Snake:1  | Entered Level 1 of the Snake Pit
 12773 | Snake:2  | Reached skill level 13 in Axes
 13080 | Snake:1  | Noticed Roxanne
 13205 | Snake:2  | Found Gut Tyn's General Store.
 13213 | Snake:2  | Bought a scroll of teleportation for 42 gold pieces
 13213 | Snake:2  | Bought a scroll of teleportation for 42 gold pieces
 13249 | Snake:3  | Noticed a greater naga
 13249 | Snake:3  | Noticed a greater naga
 13627 | Snake:3  | Reached skill level 10 in Shields
 14025 | Snake:3  | Killed a greater naga
 14046 | Snake:3  | Reached XP level 16. HP: 122/122 MP: 23/23
 14064 | Snake:3  | Reached skill level 10 in Invocations
 14146 | Snake:3  | Reached skill level 10 in Fighting
 14160 | Snake:4  | Entered Level 4 of the Snake Pit
 14160 | Snake:4  | Noticed Sargon's ghost (journeyman TrMo)
 14575 | Snake:4  | Reached skill level 10 in Armour
 14639 | Snake:4  | Noticed Saint Roka
 14655 | Snake:4  | Killed Saint Roka
 14828 | Snake:4  | Reached skill level 14 in Axes
 14863 | Snake:4  | Noticed Vashnia
 14929 | Snake:4  | HP: 4/123 [Vashnia/arrow (48)]
 14929 | Snake:4  | Shot with an arrow by Vashnia

Vault maps used:
D:1:      minmay_arrival_up_and_down, monster_avoids_cloud
D:2:      kennysheep_goblin_castle, old_standard_altar, ecumenical_altar_2,
          serial_forest, infiniplex_forest_lined_corner,
          infiniplex_forest_straight_3, infiniplex_forest_straight_3,
          infiniplex_forest_end_2, infiniplex_forest_lined_ring,
          infiniplex_forest_diagonal, infiniplex_forest_lined_2, uniq_sigmund,
          uniq_terence, uniq_jessica
D:3:      uniq_iyjb
D:4:      lemuel_crystal_altar, serial_shops, kennysheep_little_box, first_bread
D:5:      serial_bayou, serial_bayou_lake_a, serial_bayou_pond_c,
          serial_bayou_pond_a, serial_bayou_pond_a, vehumet_altar_wand_db,
          uniq_pikel
D:6:      grunt_temple_overflow_open, nicolae_ru_the_path_less_chosen,
          temple_doors_e
D:7:      minmay_flawed_box, uniq_crazy_yiuf_cottage
D:9:      fedhas_altar_2, nicolae_overflow_hidden_temple, serial_ice,
          serial_ice_f, serial_ice_j, serial_ice_n, serial_ice_c, serial_ice_b,
          serial_ice_h, uniq_joseph
D:10:     special_room
D:11:     orc_david_3
D:13:     david_vaults_5, grunt_pizzeria, minmay_hollow_rounded_squares
Temple:   circular_temple_12
Lair:1:   lemuel_fruit_tree
Lair:2:   grunt_forest_small_clearings, st_stairs_12, uniq_urug, uniq_nergalle,
          uniq_fannar
Lair:3:   minmay_swamp_entry_swarm
Lair:5:   guppyfry_snake_entry_garden, basic_altar, grunt_megastairs_1
Lair:6:   zaba_anthell
Lair:7:   slime_altar_2, uniq_snorg
Lair:8:   wormcave, hangedman_lair_in_review, st_stairs_9, minivault_24,
          uniq_kirke
Snake:1:  st_stairs_13, grunt_megastairs_2, uniq_roxanne, uniq_nikola
Snake:2:  serial_shops, shop, grunt_megastairs_4, serial_bayou_shore_b
Snake:4:  snake_pit, uniq_saint_roka, uniq_vashnia
Orc:1:    basic_altar, serial_shops, shop
Orc:2:    st_orc_town, serial_shops, nicolae_shop_behind_doors

Skill      XL: |  1  2  3  4  5  6  7  8  9 10 11 12 13 14 15 16 |
---------------+-------------------------------------------------+-----
Armour         | 2 3 4 5 6 7 8 9 10 | 10.2
Axes           | 3 4 5 6 7 8 9 10 11 12 13 14 | 14.0
Dodging        | 1 2 3 4 5 6 7 8 9 |  9.8
Invocations    | 1 2 3 5 6 7 8 9 10 | 10.5
Fighting       | 4 6 8 9 10 | 10.4
Shields        | 3 6 7 9 10 11 | 11.2
Evocations     | 3 |  3.0

Action                   |  1- 3 |  4- 6 |  7- 9 | 10-12 | 13-15 | 16-18 || total
-------------------------+-------+-------+-------+-------+-------+-------++-------
Melee: Hand axe          |    58 |   171 |    40 |       |       |       ||   269
       Broad axe         |       |       |   307 |   524 |   910 |   284 ||  2025
Throw: Tomahawk          |       |       |       |     4 |       |       ||     4
       Throwing net      |       |       |       |       |     1 |       ||     1
Invok: Bend Time         |       |       |     1 |     4 |     4 |     8 ||    17
       Slouch            |       |       |       |     8 |    21 |       ||    29
Evoke: Wand              |       |       |    12 |    15 |    11 |     4 ||    42
  Use: Scroll            |       |     6 |     7 |    15 |    21 |     2 ||    51
 Stab: Paralysed         |       |     2 |       |       |       |       ||     2
       Sleeping          |       |       |       |       |     7 |     1 ||     8
       Held in net/web   |       |       |       |       |     2 |       ||     2
       Distracted        |       |       |       |       |       |     1 ||     1
